 Dungeon Crawl Stone Soup version 0.31-a0-851-g7ff8af7976 (webtiles) character file.

Game seed: 5154238327670704693

64206 Armakuni the Spear-Bearer (level 15, -4/78 HPs)
             Began as a Vine Stalker Artificer on Oct 7, 2023.
             Was the Champion of Okawaru.
             Slain by a guardian serpent (5 damage)
             ... on level 1 of the Snake Pit.
             The game lasted 01:02:36 (19459 turns).

Armakuni the Spear-Bearer (Vine Stalker Artificer) Turns: 19459, Time: 01:02:36

Health: -4/78      AC: 22    Str: 21    XL:     15   Next: 12%
Magic:  0/18       EV: 12    Int: 27    God:    Okawaru [******]
Gold:   147        SH:  4    Dex: 19    Spells: 4/14 levels left

rFire   + + .        a - +6 trident of Drought {venom, rN+ rCorr Int+5}
rCold   . . .        i - +0 buckler "Dadewek" {+Blink rF+ Regen+ MP-9}
rNeg    + . .        v - +4 scale mail {rPois}
rPois   +            T - +3 hat of Pondering {ponderous, Will+ MP+10 Int+5}
rElec   .            z - +2 cloak
rCorr   +            O - +2 pair of gloves {Dex+3}
SInv    .            d - +0 pair of boots
Will    ++++.        (no amulet) Stlth
                     V - +4 ring of slaying
HPRegen 1.93/turn    N - ring "Buprut" {rF+ Will++ Str+6 Stlth-}
MPRegen 0.16/turn

%: guardian spirit
@: lethally poisoned (-4 -> -10), slow
A: fangs 3, regeneration 1, magic shield, antimagic bite, no potion heal 2
a: Renounce Religion, Evoke Blink, Heroism, Finesse, Duel


You were on level 1 of the Snake Pit.
You worshipped Okawaru.
Okawaru was exalted by your worship.
You visited 6 branches of the dungeon, and saw 21 of its levels.
You also visited: Sewer.

You collected 2877 gold pieces.
You spent 2730 gold pieces at shops.

Inventory:

Hand Weapons
 a - the +6 trident of Drought (weapon) {venom, rN+ rCorr Int+5}
   (You found it on level 9 of the Dungeon)

   Int+5:     It affects your intelligence (+5).
   rN+:       It protects you from negative energy.
   rCorr:     It protects you from acid and corrosion.
Missiles
 E - 18 boomerangs (quivered)
 F - 5 curare-tipped darts
 J - a dart of dispersal
 K - 12 javelins
 P - 10 silver javelins
 W - 3 atropa-tipped darts
 X - a throwing net
Armour
 d - a +0 pair of boots (worn)
 i - the +0 buckler "Dadewek" (worn) {+Blink rF+ Regen+ MP-9}
   (You bought it in a shop on level 2 of the Orcish Mines)

   rF+:       It protects you from fire.
   MP-9:      It affects your magic capacity (-9).
   +Blink:    It lets you blink.
   Regen+:    It increases your rate of health regeneration.
 v - a +4 scale mail of poison resistance (worn)
 z - a +2 cloak (worn)
 O - a +2 pair of gloves of dexterity (worn)
 T - the +3 hat of Pondering (worn) {ponderous, Will+ MP+10 Int+5}
   (Okawaru gifted it to you on level 1 of the Lair of Beasts)

   Int+5:     It affects your intelligence (+5).
   Will+:     It increases your willpower.
   MP+10:     It affects your magic capacity (+10).
Jewellery
 N - the ring "Buprut" (right hand) {rF+ Will++ Str+6 Stlth-}
   (You bought it in a shop on level 2 of the Orcish Mines)

   [ring of strength]

   Str+6:     It affects your strength (+6).
   rF+:       It protects you from fire.
   Will++:    It greatly increases your willpower.
   Stlth-:    It makes you less stealthy.
 V - a +4 ring of slaying (left hand)
Talismans
 t - a granite talisman
Wands
 c - a wand of charming (20)
 j - a wand of iceblast (6)
 l - a wand of light (5)
Scrolls
 b - a scroll of silence
 g - a scroll of immolation
 o - 13 scrolls of teleportation
 p - 2 scrolls of fog
 q - 3 scrolls of poison
 x - a scroll of butterflies
 y - 2 scrolls of blinking
 D - 2 scrolls of revelation
 H - 3 scrolls of noise
 I - a scroll of vulnerability
 S - 2 scrolls of fear
 U - a scroll of torment
Potions
 e - 2 potions of magic
 f - 2 potions of heal wounds
 h - 4 potions of enlightenment
 k - 4 potions of lignification
 n - 6 potions of curing
 s - 3 potions of mutation
 w - 2 potions of brilliance {unknown}
 A - a potion of ambrosia {unknown}
 B - 2 potions of haste {unknown}
 C - 3 potions of berserk rage {unknown}
 G - a potion of cancellation
 M - a potion of degeneration {unknown}
 Q - 2 potions of might {unknown}
Miscellaneous
 Y - a lightning rod (4/4)


   Skills:
 - Level 8.8 Fighting
 - Level 13.2(14.0) Polearms
 - Level 7.5(11.3) Staves
 - Level 12.9 Throwing
 - Level 5.0 Armour
 - Level 5.0 Dodging
 - Level 1.2 Stealth
 + Level 0.0 Shields
 - Level 2.5 Invocations
 - Level 8.5 Evocations


You had 4 spell levels left.
You knew the following spells:

 Your Spells              Type           Power      Damage    Failure   Level
b - Blink                 Tloc           0%         N/A       52%         2
l - Lesser Beckoning      Tloc           0%         N/A       52%         2
m - Iskenderun's Mystic   Conj/Tloc      0%         2d3       98%         4
w - Wereblood             Tmut           0%         N/A       52%         2

Your spell library contained the following spells:

 Spells                   Type           Power      Damage    Failure   Level
 Slow                     Hex            0%         N/A       36%         1
 Ensorcelled Hibernation  Hex/Ice        0%         N/A       52%         2
 Momentum Strike          Conj/Tloc      0%         3d8       52%         2
 Passwall                 Tmut/Erth      0%         N/A       52%         2
 Sublimation of Blood     Necr           0%         N/A       52%         2
 Confusing Touch          Hex            0%         N/A       75%         3
 Hailstorm                Conj/Ice       0%         3d3       75%         3
 Ozocubu's Armour         Ice            0%         N/A       75%         3
 Sigil of Binding         Hex            0%         N/A       75%         3
 Swiftness                Air            0%         N/A       75%         3
 Vampiric Draining        Necr           0%         2d6       75%         3
 Cause Fear               Hex            0%         N/A       98%         4
 Dimensional Bullseye     Hex/Tloc       0%         N/A       98%         4
 Dispel Undead            Necr           0%         3d6       98%         4
 Metabolic Englaciation   Hex/Ice        0%         N/A       100%        5
 Discord                  Hex            0%         N/A       100%        8
 Summon Guardian Golem    Hex/Summ       Unusable   N/A       N/A         3
 Tukima's Dance           Hex            Unusable   N/A       N/A         3
 Summon Ice Beast         Ice/Summ       Unusable   N/A       N/A         4
 Death Channel            Necr           Unusable   N/A       N/A         6
 Simulacrum               Ice/Necr       Unusable   N/A       N/A         6
 Summon Hydra             Summ           Unusable   N/A       N/A         7

Dungeon Overview and Level Annotations

Branches:
Dungeon (11/15)            Temple (1/1) D:5            Lair (5/5) D:8
  Swamp (0/4) Lair:2        Snake (1/4) Lair:2        Slime (0/5) Lair:4
    Orc (2/2) D:11            Elf (1/3) Orc:2         Sewer (visited)

Altars:
Ashenzari
Cheibriados
Dithmenos
Elyvilon
Fedhas
Gozag
Hepliaklqana
Kikubaaqudgha
Makhleb
Nemelex Xobeh
Okawaru
Qazlal
Ru
Sif Muna
Trog
Uskayaw
Vehumet
Wu Jian
Xom
Yredelemnul
Zin
The Shining One

Shops:
D:3 [   D:5 [   D:6 *   Orc:1 !   Orc:2 (([[?=**


Innate Abilities, Weirdness & Mutations

You have razor-sharp teeth.
Your natural rate of healing is unusually fast.
When hurt, damage is shared between your health and your magic reserves.
Your bite disrupts and absorbs the magic of your enemies.
Potions cannot restore your health.


Message History

The naga hits you but does no damage. The naga warrior spits poison at you.
The splash of poison hits you but does no damage.
You resist.
The salamander hits you with a +4 halberd of protection.
* * * LOW HITPOINT WARNING * * *
You are engulfed in flames.
You resist.
* * * LOW HITPOINT WARNING * * *
The naga closely misses you.
You escape the naga's grasp.
You feel sick. The black mamba closely misses you.
The guardian serpent casts a spell at you.
The bolt of poison hits you.
You are more poisoned.
You resist.
* * * LOW HITPOINT WARNING * * *
The bolt of poison hits the naga!
The naga is poisoned.
You block the salamander's attack. The naga hits you but does no damage.
The naga barely misses you.
The black mamba bites you but does no damage.
The naga warrior hits you but does no damage.
The naga warrior grabs you.
You stop ascending the stairs.
The naga warrior constricts you. The naga misses you.
The salamander hits you with a +4 halberd of protection.
* * * LOW HITPOINT WARNING * * *
You are engulfed in flames.
You resist.
* * * LOW HITPOINT WARNING * * *
The naga spits poison at you.
The splash of poison hits you but does no damage.
You resist. The guardian serpent barely misses you.
Unknown command.
Unknown command.
You escape the naga warrior's grasp.
* * * LOW HITPOINT WARNING * * *
You feel very sick.
The black mamba bites you but does no damage.
You block the salamander's attack. The naga hits you with a +0 long sword!
* * * LOW HITPOINT WARNING * * *
You block the naga's attack. The naga hits you but does no damage.
The naga barely misses you. The guardian serpent hits you.
You die...

.. . ... .
...#####.
.......##
..♣...♣..##
. ........#
....♣.SNN.#
.>....S@N.#
....♣NNNN.#
. ........#
..♣...♣..##
.......##
.....##..
....# ##.
...# .


You could see a naga warrior, 2 salamanders, a guardian serpent, a black mamba
and 4 nagas.

Vanquished Creatures
  An ettin (Orc:1)
  An ice dragon (Lair:5)
  A catoblepas (Lair:5)
  A hydra (Lair:3)
  4 two-headed ogres
  A deep troll shaman (Lair:5)
  Erica (D:7)
  9 death yaks
  A demonic crawler (Lair:1)
  An orc high priest (Elf:1)
  A naga sharpshooter (Lair:2)
  Nergalle (Lair:1)
  A skeletal warrior (D:10)
  2 skysharks
  Pikel (D:7)
  A lindwurm (Lair:5)
  11 orc sorcerers
  2 deep elf zephyrmancers (Elf:1)
  2 deep elf pyromancers (Orc:2)
  A cyclops (Orc:2)
  An oklob plant (Orc:1)
  19 elephants
  An ugly thing (D:10)
  A manticore (D:11)
  4 black mambas
  14 cane toads
  A kobold demonologist (D:10)
  12 komodo dragons
  A rime drake (Lair:5)
  7 polar bears
  5 trolls
  Prince Ribbit (D:8)
  20 blink frogs
  5 dream sheep (Lair:3)
  The ghost of Shym the Sneak, an amateur VSFi (D:5)
  A shadow (D:11)
  4 wyverns
  A vampire (D:9)
  5 hogs (D:9)
  24 yaks
  A wraith (D:11)
  3 basilisks
  Grum (D:9)
  2 steam dragons (D:6)
  3 swamp worms (Lair:1)
  3 nagas (Lair:2)
  8 wargs
  An acid dragon (D:8)
  14 water moccasins
  An ice beast (D:7)
  8 black bears
  2 sky beasts (D:7)
  10 orc warriors
  8 ogres
  22 wolves
  A centaur (D:11)
  2 phantoms
  5 kobold brigands
  9 bullfrogs
  A gnoll sergeant (D:11)
  5 scorpions
  8 wights
  6 killer bees (D:9)
  An electric eel (Lair:1)
  9 howler monkeys
  7 crimson imps (D:7)
  2 jellies
  9 orc priests
  4 hounds
  3 sleepcaps
  Jessica (D:3)
  5 iguanas
  36 orc wizards
  A hell rat (Sewer)
  A mummy (D:7)
  6 adders
  8 gnolls
  3 river rats (Sewer)
  A shadow imp (D:7)
  5 white imps
  3 worms
  2 dart slugs
  62 orcs
  17 ball pythons
  9 endoplasms
  5 giant cockroaches
  8 goblins
  6 hobgoblins
  7 jackals
  34 kobolds
  5 quokkas
  6 bats
  2 frilled lizards
  9 rats
573 creatures vanquished.

Vanquished Creatures (collateral kills)
  A water moccasin (D:6)
1 creature vanquished.

Vanquished Creatures (others)
  An orc wizard (Orc:2)
1 creature vanquished.

Grand Total: 575 creatures vanquished

Notes
Turn   | Place    | Note
-------+----------+-------------------------------------------
     0 | D:1      | Armakuni the Vine Stalker Artificer began the quest for the
                  | Orb.
     0 | D:1      | Reached XP level 1. HP: 9/9 MP: 2/2
   157 | D:1      | Reached skill level 1 in Fighting
   267 | D:1      | Reached XP level 2. HP: 15/15 MP: 3/3
   641 | D:1      | Reached XP level 3. HP: 19/19 MP: 4/4
  1874 | D:2      | Reached XP level 4. HP: 24/24 MP: 5/5
  2059 | D:3      | Found Eliroum's Armour Shop.
  2084 | D:3      | Bought a +0 pair of boots for 45 gold pieces
  2209 | D:3      | Bought a +0 cloak for 45 gold pieces
  2338 | D:3      | Learned a level 2 spell: Wereblood
  2393 | D:3      | Noticed Jessica
  2395 | D:3      | Killed Jessica
  2396 | D:3      | Reached XP level 5. HP: 21/29 MP: 6/6
  2777 | D:4      | Found a white marble altar of Elyvilon.
  2780 | D:4      | Noticed a phantom
  2827 | D:3      | Killed a phantom
  2859 | D:4      | Reached XP level 6. HP: 34/34 MP: 7/7
  3167 | D:4      | Reached skill level 5 in Fighting
  3167 | D:4      | Reached XP level 7. HP: 39/39 MP: 8/8
  3372 | D:4      | Found a glowing drain.
  3385 | Sewer    | Entered a sewer
  3407 | Sewer    | Reached skill level 5 in Evocations
  4026 | D:4      | Found a burning altar of Makhleb.
  4026 | D:4      | Found a hide-covered altar of Uskayaw.
  4131 | D:5      | Entered Level 5 of the Dungeon
  4131 | D:5      | Noticed Shym's ghost (amateur VSFi)
  4132 | D:5      | Found a runed translucent door.
  4167 | D:5      | Found a staircase to the Ecumenical Temple.
  4188 | Temple   | Entered the Ecumenical Temple
  4259 | Temple   | Gained mutation: You have razor-sharp teeth. [Vine Stalker
                  | growth]
  4259 | Temple   | Reached XP level 8. HP: 40/44 MP: 9/9
  4284 | D:5      | Found a stormy altar of Qazlal.
  4490 | D:5      | Found Asutz's Armour Emporium.
  4591 | D:5      | Found a glowing golden altar of the Shining One.
  4698 | D:5      | Found a broken altar of Ashenzari.
  4702 | D:5      | Saw a vision of the Swamp and the Snake Pit.
  4702 | D:5      | Noticed a naga ritualist
  4702 | D:5      | Noticed a salamander
  4702 | D:5      | Noticed a naga mage
  4702 | D:5      | Noticed a naga sharpshooter
  4702 | D:5      | Noticed a salamander
  4704 | D:5      | Noticed an alligator
  4716 | D:5      | Found a blossoming altar of Fedhas.
  5188 | D:5      | Noticed a ghost crab
  5385 | D:6      | Found a radiant altar of Vehumet.
  5449 | D:6      | Found a basalt altar of Yredelemnul.
  5725 | D:6      | Reached XP level 9. HP: 41/50 MP: 9/10
  5815 | D:6      | You fall into a shaft and drop 2 floors!
  5820 | D:8      | Noticed Prince Ribbit
  5830 | D:8      | Killed Prince Ribbit
  5966 | D:8      | Noticed Erica
  6624 | D:6      | Found an opulent altar of Gozag.
  6708 | D:6      | Found Nafufuaj's Serpentskin Sales.
  6720 | D:6      | Bought a +1 quarterstaff of venom for 153 gold pieces
  6797 | D:6      | Reached skill level 1 in Staves
  6974 | D:7      | Found a snail-covered altar of Cheibriados.
  7018 | D:7      | Noticed Pikel
  7036 | D:7      | Killed Pikel
  7037 | D:7      | Reached XP level 10. HP: 25/57 MP: 10/11
  7083 | D:7      | Reached skill level 5 in Staves
  7112 | D:7      | Identified the +0 chain mail "Elathagu" {rF+ Str+3}
  7397 | D:7      | Killed Erica
  7444 | D:8      | Got a worn book
  7448 | D:8      | Learned a level 2 spell: Blink
  7451 | D:8      | Learned a level 2 spell: Lesser Beckoning
  7477 | D:8      | Identified a scroll of acquirement
  7477 | D:8      | Acquired 1103 gold pieces
  7583 | D:5      | Bought the +0 helmet of the Tormentor {rN++ SInv} for 288
                  | gold pieces
  7596 | D:5      | Bought the +3 scale mail of Jegiogem {Str+8} for 470 gold
                  | pieces
  7651 | D:6      | Bought a scroll of poison for 52 gold pieces
  7730 | D:8      | Reached skill level 1 in Dodging
  8079 | D:5      | Killed Shym's ghost
  8248 | Temple   | Became a worshipper of Warmaster Okawaru
  8480 | D:8      | Found a staircase to the Lair.
  8643 | D:8      | Found an ornate altar of the Wu Jian Council.
  8760 | D:9      | Noticed Grum
  8785 | D:9      | Killed Grum
  8785 | D:9      | Reached * piety under Okawaru
  8829 | D:9      | Found a runed translucent gate.
  8829 | D:9      | Found a runed translucent gate.
  8830 | D:9      | Found a runed translucent gate.
  8831 | D:9      | Noticed a death yak
  8831 | D:9      | Noticed a death yak
  8832 | D:9      | Noticed a death yak
  8912 | D:9      | Reached skill level 1 in Invocations
  8929 | D:9      | Reached XP level 11. HP: 47/60 MP: 13/13
  8944 | D:9      | Reached ** piety under Okawaru
  9190 | D:9      | Identified the +6 trident of Drought {venom, rN+ rCorr
                  | Int+5}
  9379 | D:9      | Found a hazy altar of Hepliaklqana.
  9433 | D:9      | Found the +4 skin of Zhor {*Englaciate rC+++ SInv}
  9456 | D:9      | Killed a death yak
  9457 | D:9      | Reached skill level 1 in Polearms
  9467 | D:9      | Killed a death yak
  9467 | D:9      | Reached *** piety under Okawaru
  9468 | D:9      | Reached skill level 2 in Polearms
  9490 | D:9      | Reached skill level 3 in Polearms
  9514 | D:9      | Killed a death yak
  9514 | D:9      | Reached **** piety under Okawaru
  9515 | D:9      | Reached skill level 5 in Armour
  9524 | D:9      | Identified the +5 whip of Fate {flame, rC+ rCorr Dex-2}
  9576 | D:10     | Entered Level 10 of the Dungeon
  9591 | D:10     | Reached skill level 5 in Dodging
  9655 | D:10     | Noticed a two-headed ogre
  9660 | D:10     | Killed a two-headed ogre
  9661 | D:10     | Reached skill level 4 in Polearms
  9736 | D:10     | Found a shimmering blue altar of Sif Muna.
  9831 | D:10     | Noticed a brown ugly thing
  9837 | D:10     | Noticed a skeletal warrior
  9839 | D:10     | Killed a brown ugly thing
  9840 | D:10     | Reached skill level 5 in Polearms
  9845 | D:10     | Noticed a two-headed ogre
  9857 | D:10     | Killed a skeletal warrior
  9857 | D:10     | Reached ***** piety under Okawaru
  9861 | D:10     | Killed a two-headed ogre
  9862 | D:10     | Reached skill level 6 in Polearms
  9862 | D:10     | Reached XP level 12. HP: 33/65 MP: 14/14
 10338 | D:10     | Found a sacrificial altar of Ru.
 10553 | D:11     | Noticed a two-headed ogre
 10563 | D:10     | Killed a two-headed ogre
 10564 | D:10     | Reached skill level 7 in Polearms
 10658 | D:11     | Received a gift from Okawaru
 10741 | D:11     | Found a staircase to the Orcish Mines.
 10853 | D:11     | Reached skill level 1 in Throwing
 10861 | D:11     | Reached skill level 8 in Polearms
 11106 | D:11     | Found an opulent altar of Gozag.
 11392 | D:11     | Noticed a two-headed ogre
 11397 | D:11     | Killed a two-headed ogre
 11880 | Orc:1    | Entered Level 1 of the Orcish Mines
 12055 | Orc:2    | Entered Level 2 of the Orcish Mines
 12303 | Orc:2    | Found a staircase to the Elven Halls.
 12366 | Orc:1    | Found Jyacs's Distillery.
 12376 | Orc:1    | Noticed an ettin
 12385 | Orc:1    | Killed an ettin
 12390 | Orc:1    | Bought a potion of cancellation for 128 gold pieces
 12428 | Orc:1    | Reached skill level 9 in Polearms
 12725 | Orc:2    | Found Bualoupi's Jewellery Boutique.
 12733 | Orc:2    | Bought the ring "Buprut" {rF+ Will++ Str+6 Stlth-} for 813
                  | gold pieces
 12752 | Orc:2    | Found Umou's General Store.
 12757 | Orc:2    | Received a gift from Okawaru
 12772 | Orc:2    | Reached skill level 5 in Throwing
 12920 | Orc:2    | Found Mozan's General Store.
 12933 | Orc:2    | Bought a scroll of blinking for 112 gold pieces
 12977 | Orc:2    | Found Daimehe's Magic Scroll Emporium.
 12994 | Orc:2    | Bought a scroll of identify for 34 gold pieces
 12994 | Orc:2    | Bought a scroll of identify for 34 gold pieces
 12994 | Orc:2    | Bought a scroll of enchant armour for 127 gold pieces
 12994 | Orc:2    | Bought a scroll of fear for 68 gold pieces
 13034 | Orc:2    | Noticed a sun demon
 13041 | Orc:2    | Reached XP level 13. HP: 57/69 MP: 15/15
 13069 | Orc:2    | Reached skill level 10 in Polearms
 13122 | Orc:2    | Found Qasav's Weapon Shop.
 13155 | Orc:2    | Found Wyeruag's Antique Weapon Emporium.
 13247 | Orc:2    | Found Jenways's Armour Emporium.
 13247 | Orc:2    | Found Onianif's Antique Armour Shop.
 13519 | Elf:1    | Entered Level 1 of the Elven Halls
 13540 | Elf:1    | Received a gift from Okawaru
 13635 | Elf:1    | HP: 3/69 [poisoned by a +1 dire flail of venom]
 13640 | Orc:2    | HP: 3/69 [poisoned by a +1 dire flail of venom]
 13835 | Lair:1   | Entered Level 1 of the Lair of Beasts
 14200 | Lair:1   | Noticed Nergalle
 14212 | Lair:1   | Killed Nergalle
 14212 | Lair:1   | Received a gift from Okawaru
 14213 | Lair:1   | Reached skill level 11 in Polearms
 14358 | Lair:1   | Reached ****** piety under Okawaru
 14359 | Lair:1   | Acquired a +4 bardiche of protection
 14359 | Lair:1   | Received a gift from Okawaru
 14361 | Lair:1   | Acquired the +3 hat of Pondering {ponderous, Will+ MP+10
                  | Int+5}
 14361 | Lair:1   | Received a gift from Okawaru
 14361 | Lair:1   | Found the +3 hat of Pondering {ponderous, Will+ MP+10
                  | Int+5}
 14683 | Lair:1   | Got a clothbound book
 15171 | Lair:2   | Found a staircase to the Snake Pit.
 15278 | Lair:2   | Found a staircase to the Swamp.
 15385 | Lair:2   | You fall into a shaft and drop 2 floors!
 15494 | Lair:3   | Received a gift from Okawaru
 15615 | Lair:3   | Reached skill level 12 in Polearms
 15668 | Lair:3   | Reached XP level 14. HP: 74/74 MP: 16/16
 16347 | Lair:2   | Received a gift from Okawaru
 16904 | Lair:4   | Reached skill level 10 in Throwing
 17426 | Lair:4   | Received a gift from Okawaru
 17427 | Lair:4   | Reached skill level 13 in Polearms
 17436 | Lair:4   | Found a staircase to the Slime Pits.
 17689 | Lair:5   | Entered Level 5 of the Lair of Beasts
 17967 | Lair:5   | Received a gift from Okawaru
 18525 | Lair:5   | Learned a level 4 spell: Iskenderun's Mystic Blast
 18644 | Lair:5   | Received a gift from Okawaru
 18680 | Lair:5   | Reached XP level 15. HP: 78/78 MP: 17/17
 19205 | Orc:2    | Bought a masterwork buckler for 361 gold pieces
 19205 | Orc:2    | Identified the +0 buckler "Dadewek" {+Blink rF+ Regen+
                  | MP-9} (You bought it in a shop on level 2 of the Orcish
                  | Mines)
 19437 | Snake:1  | Entered Level 1 of the Snake Pit
 19459 | Snake:1  | HP: 1/78 [naga/+0 long sword (5)]
 19459 | Snake:1  | Slain by a guardian serpent

Illustrated notes

Levels and vault maps discovered:
D:1:      dpeg_arrival_pits, layout_basic
D:2:      layout_loops_corners
D:3:      minmay_inner_zag, layout_rooms, serial_shops, shop_coins,
          serial_corexii_hall, corexii_hall_statues_i, corexii_hall_statues_t,
          chequers_hall_statues_y, corexii_hall_statues_x, uniq_jessica
D:4:      kb_forest_paths, layout_basic, amcnicky_altar_gilded,
          mainiacjoe_overflow_divided_tiny, cheibrodos_sewer_entry_bend,
          dk_noncrumbling_4, hangedman_feature_mirror, minmay_curled_crystal
D:5:      layout_basic, grunt_ashenzari_visionary
          [grunt_ashenzari_visionary_swamp, grunt_ashenzari_visionary_snake],
          nicolae_tso_carved_into_rock, nicolae_qazlal_general_emergency,
          fedhas_altar_2, minmay_temple_entry_butterflies,
          hellmonk_ghost_happy_afterlife, serial_shops,
          nicolae_shop_tiny_statue_garden
D:6:      layout_cave_pods, mainiacjoe_overflow_cross_hatched,
          yredelemnul_altar_generic, kennysheep_mini, guppyfry_shop_venom
D:7:      layout_loops_ring, chei_slow_surprise, minmay_nine_imps, uniq_pikel
D:8:      layout_basic, nzn_wu_jian_council_hall,
          grunt_lair_entry_orc_guard_hut, enter_bailey_2, uniq_prince_ribbit1,
          uniq_erica
D:9:      lemuel_bear_cage, layout_cave_pools, lemuel_doored_altar, uniq_grum
D:10:     layout_basic, kennysheep_little_box, lemuel_tele_altar,
          minmay_microvault
D:11:     layout_layer_cave, orc_0_dummy, grunt_gozag_breadcrumbs
Temple:   nicolae_temple_superstar
Lair:1:   layout_cave_pods, worms_lemuel, serial_bayou_shore_a, uniq_nergalle
Lair:2:   layout_roguey, swamp_mist_pool, nicolae_snake_entry_squirm
Lair:3:   layout_hall_layers
Lair:4:   layout_regular_city, dpeg_slime_entry_corner, serial_bayou_shore_b
Lair:5:   grunt_lair_end_beastmaster, layout_hall_layers, serial_bayou_pond_e,
          minivault_27, bobbens_ice_dragon_lair
Snake:1:  layout_gridlike, grunt_ministairs_10, grunt_megastairs_3,
          minmay_shop_star
Orc:1:    layout_caves, basic_altar, serial_shops, shop, mines3_lemuel
Orc:2:    st_orc_town, layout_caves, serial_shops, shop, shop_statue, shop,
          nicolae_shop_statue_plus
Elf:1:    nicolae_elf_arrival_no_cutting_in_line, layout_geoelf_grid,
          portal_desolation_entry_nicolae_nacl, minmay_elf_demonology,
          minivault_16

Skill      XL: |  1  2  3  4  5  6  7  8  9 10 11 12 13 14 |
---------------+-------------------------------------------+-----
Fighting       | 1 2 3 4 5 6 7 8 |  8.8
Evocations     | 3 4 5 7 8 |  8.5
Staves         | 4 7 |  7.5
Dodging        | 2 5 |  5.0
Armour         | 3 5 |  5.0
Invocations    | 2 |  2.5
Polearms       | 6 9 12 13 | 13.2
Throwing       | 5 9 12 | 12.9
Stealth        | |  1.2

Action                     |  1- 3 |  4- 6 |  7- 9 | 10-12 | 13-15 || total
---------------------------+-------+-------+-------+-------+-------++-------
  Melee: Club              |    44 |       |       |       |       ||    44
         Bite              |    39 |    46 |   118 |   162 |   255 ||   620
         Whip              |   104 |    73 |       |       |       ||   177
         Punch             |     1 |     2 |     4 |     8 |     9 ||    24
         Mace              |       |    61 |    90 |       |       ||   151
         Flail             |       |       |   232 |       |       ||   232
         Quarterstaff      |       |       |    19 |   126 |       ||   145
         Trident           |       |       |       |   372 |   745 ||  1117
  Throw: Stone             |     5 |       |       |       |       ||     5
         Dart              |       |     3 |    17 |     6 |       ||    26
         Boomerang         |       |       |       |       |     2 ||     2
 Invoke: Heroism           |       |       |       |     2 |     3 ||     5
         Receive Weapon    |       |       |       |       |     1 ||     1
         Receive Armour    |       |       |       |       |     1 ||     1
  Evoke: Wand              |     5 |     1 |    20 |     8 |     4 ||    38
         Lightning rod     |       |       |       |     4 |     3 ||     7
    Use: Scroll            |     4 |     2 |     8 |    10 |     6 ||    30
         Potion            |       |       |       |       |     5 ||     5
   Stab: Sleeping          |     1 |     3 |     4 |       |       ||     8
         Distracted        |       |       |     1 |       |       ||     1
         Petrified         |       |       |       |       |     5 ||     5
         Petrifying        |       |       |       |       |     1 ||     1
 Armour: Leather armour    |    92 |    65 |       |       |       ||   157
         Robe              |       |    37 |   252 |       |       ||   289
         Steam dragon scal |       |       |   162 |    19 |       ||   181
         Scale mail        |       |       |       |   248 |   403 ||   651
  Dodge: Dodged            |    98 |    88 |   260 |   239 |   264 ||   949
  Block: Buckler           |       |       |       |       |     6 ||     6

Table legend: (Time is in decaauts)
 A = Elapsed time spent in this place.
 B = Non-inter-level travel time spent in this place.
 C = Inter-level travel time spent in this place.
 D = Time resting spent in this place.
 E = Time spent auto-exploring this place.
 F = Levels seen in this place.
 G = Mean time per level.
                   A        B        C        D        E       F      G
               +--------+--------+--------+--------+--------+-----+--------+
         Total |  19803 |  17668 |   2135 |    629 |  12174 |  22 |  900.1 |
       Dungeon |  11976 |  10491 |   1485 |    341 |   7165 |  11 | 1088.7 |
        Temple |    142 |     81 |     61 |     37 |      0 |   1 |  142.0 |
          Lair |   5483 |   5148 |    335 |    154 |   3867 |   5 | 1096.6 |
     Snake Pit |      9 |      9 |      0 |      0 |      0 |   1 |    9.0 |
  Orcish Mines |   1928 |   1676 |    252 |     97 |   1053 |   2 |  964.0 |
   Elven Halls |     56 |     56 |      0 |      0 |      0 |   1 |   56.0 |
         Sewer |    206 |    206 |      0 |      0 |     89 |   1 |  206.0 |
               +--------+--------+--------+--------+--------+-----+--------+

Top non-repeatable levels by time:
    D:11: 1323 daAuts
  Lair:1: 1313 daAuts
  Lair:5: 1305 daAuts
     D:6: 1279 daAuts
     D:4: 1218 daAuts
     D:5: 1218 daAuts
     D:7: 1207 daAuts
   Orc:2: 1206 daAuts
     D:2: 1141 daAuts
  Lair:4: 1093 daAuts
    D:10: 1056 daAuts
  Lair:2: 1002 daAuts
     D:3: 974 daAuts
     D:1: 957 daAuts
     D:9: 867 daAuts
